 Dungeon Crawl Stone Soup version 0.20-a0-823-gdec668e (webtiles) character file.

33 M4edhros the Sneak (level 3, 0/23 HPs)
             Began as an Octopode Artificer on Mar 5, 2017.
             Slain by an orc (5 damage)
             ... on level 4 of the Dungeon.
             The game lasted 00:01:05 (805 turns).

M4edhros the Sneak (Octopode Artificer)              Turns: 805, Time: 00:01:05

Health: 0/23       AC:  1    Str: 11    XL:     3   Next: 29%
Magic:  5/5        EV: 13    Int: 13    God:
Gold:   70         SH:  0    Dex: 13    Spells: 2/2 levels left

rFire    . . .     SeeInvis +   a - +0 short sword
rCold    . . .     Gourm    .   (no shield)
rNeg     . . .     Faith    .   (helmet restricted)
rPois    .         Spirit   .   (no amulet)
rElec    .         Reflect  .   k - ring of see invisible
rCorr    .         Harm     .   (no ring)
MR       .....                  (no ring)
Stlth    ++++......             (no ring)
Regen    0.1/turn               (no ring)
MPRegen  0.1/turn               (no ring)
                                (no ring)
                                (no ring)

@: no status effects
A: almost no armour, stealthy swim, amphibious, 8 rings, constrict 8, camouflage
1, gelatinous body 1
a: no special abilities


You were on level 4 of the Dungeon.
You were not hungry.

You visited 1 branch of the dungeon, and saw 4 of its levels.

You collected 70 gold pieces.

Inventory:

Hand Weapons
 a - a +0 short sword (weapon)
Jewellery
 k - a ring of see invisible (left tentacle)
Wands
 b - a wand of flame (14/48)
 c - a wand of enslavement (13/24)
 d - a wand of random effects (15/48)
Scrolls
 e - 2 scrolls of identify {unknown}
 g - a scroll of remove curse {unknown}
 n - a scroll of enchant weapon {unknown}
Potions
 h - a potion of curing {unknown}
 i - a potion of lignification {unknown}
 j - a potion of cancellation {unknown}
Books
 m - a book of Changes

   Spells                             Type                      Level
   a - Beastly Appendage              Transmutation                1
   b - Sticks to Snakes               Transmutation                2
   c - Spider Form                    Transmutation/Poison         3
   d - Ice Form                       Ice/Transmutation            4
   e - Blade Hands                    Transmutation                5
Comestibles
 f - a bread ration
 l - a fruit


   Skills:
 - Level 1.0 Fighting
 - Level 1.0 Short Blades
 - Level 2.0 Dodging
 + Level 4.5 Stealth
 - Level 3.2 Evocations


You had 2 spell levels left.
You didn't know any spells.

Dungeon Overview and Level Annotations

Branches:
Dungeon (4/15)
 Temple: D:4-7

Altars:

Annotations:
D:2 Sigmund
D:4 Menkaure


Innate Abilities, Weirdness & Mutations

You cannot wear most types of armour.
You are very stealthy in the water. (Stealth+)
You are amphibious.
You can wear up to eight rings at the same time.
You can use your tentacles to constrict eight enemies at once.
Your skin changes colour to match your surroundings (Stealth+).
Your rubbery body absorbs attacks. (AC +1, EV +1)


Message History

Menkaure calls on the powers of darkness!
Your body is wracked with pain!
The orc convulses!
An orc comes into view.
Evoke which item? (* to show all) (? for menu, Esc to quit)
Okay, then.
Evoke which item? (* to show all) (? for menu, Esc to quit)
Aiming: Throw Flame
Press: ? - help, Shift-Dir - straight line The puff of flame hits Menkaure.
Menkaure is burned terribly!
Menkaure is lightly damaged.
This wand has 14 charges left.
Menkaure points at you and mumbles some strange words.
Pain shoots through your body!
* * * LOW HITPOINT WARNING * * *
The orc barely misses you.
An orc comes into view. It is wielding a hand axe.
A leopard gecko comes into view.
There is a stone staircase leading up here.
The orc hits you.
You die...

## ## .# #. .#.##
#<.#. .# #@#.# ..#
#o#.# #..# #
#o#.#....# ..#.
#.#.#.#.##
....?##.###.........
....(>)#..........##
.....#.####M.###.#
....l..M..o...#
......#######.#


You could see Menkaure and 2 orcs.

Vanquished Creatures
  A howler monkey skeleton (D:4)
  An ooze (D:4)
  2 dart slugs (D:1)
  An orc (D:4)
  A giant cockroach (D:1)
  A goblin (D:1)
  A hobgoblin (D:1)
  2 kobolds (D:1)
  A bat (D:1)
  4 rats
15 creatures vanquished.

Vanquished Creatures (collateral kills)
  A quokka (D:2)
1 creature vanquished.

Vanquished Creatures (others)
  An adder (D:2)
1 creature vanquished.

Grand Total: 17 creatures vanquished

Notes
Turn   | Place    | Note
-------+----------+-------------------------------------------
     0 | D:1      | M4edhros the Octopode Artificer began the quest for the Orb.
     0 | D:1      | Reached XP level 1. HP: 13/13 MP: 3/3
    43 | D:1      | Reached skill level 2 in Stealth
    91 | D:1      | Reached skill level 3 in Stealth
    91 | D:1      | Reached XP level 2. HP: 13/18 MP: 4/4
   327 | D:2      | Noticed Sigmund
   779 | D:4      | Reached skill level 4 in Stealth
   779 | D:4      | Reached XP level 3. HP: 17/23 MP: 5/5
   789 | D:4      | Noticed Menkaure
   805 | D:4      | Slain by an orc

Vault maps used:
D:1:      lemuel_arrival_funnel
D:2:      nemelex_lonely_heart_becter, uniq_iyjb, uniq_sigmund
D:3:      first_bread
D:4:      serial_shops, nicolae_shop_window_shopping, shop, shop, shop,
          nicolae_shop_crystal, uniq_menkaure, uniq_crazy_yiuf_cottage

Skill      XL: |  1  2 |
---------------+-------+-----
Stealth        | 3 4 |  4.5
Fighting       | |  1.0
Short Blades   | |  1.0
Dodging        | |  2.0
Evocations     | |  3.2

Action                   || total
-------------------------++-------
Melee: Short sword       ||    35
       Constrict         ||    10
       Tentacles         ||     6
Evoke: Wand              ||     3
 Stab: Sleeping          ||     2
Armor: Skin              ||     3
Dodge: Dodged            ||    21
